Crawldragon, lawful male human Archeologist ----- |....# |...|# |...|# ------------ |..%|# |..........| ---|-# #....`B......############# # # ###|..>.......|# ---.- # # |..........|# |...| # ### ------|-----# |...| # # ####### ##->..| ## # # # ----- ############# # ### # ### --|--# # # # |...-####################### # ###|..%|# # #|...-# |...| ----- Crawldragon the Field Worker Experience level: 4 Strength: 13 Dexterity: 11 Constitution: 18 Intelligence: 13 Wisdom: 15 Charisma: 11 Health: 0(46) Energy: 17(17) Def: 7 Gold: 335 Moves: 1967 Dungeon seed: _njlyXkoPt3AyQKF Game ID: Crawldragon_1496369998 Your Inventory: Coins $ - 335 gold pieces Weapons a - an uncursed +2 bullwhip Armor e - an uncursed +0 leather jacket n - an uncursed +0 fedora r - an uncursed +0 orcish helm (being worn) y - an uncursed +0 bronze plate mail (being worn) Comestibles b - 5 uncursed food rations i - 2 uncursed lichen corpses j - an uncursed cream pie l - an uncursed tin of gecko meat m - an uncursed egg s - an uncursed bacon jalapeno cheeseburger v - an uncursed fortune cookie Potions o - an uncursed potion of booze Rings k - an uncursed ring of invisibility (on left hand) Wands h - an uncursed wand of magic missile (0:2) Tools c - an uncursed rusty +0 pick-axe (weapon in hand) d - an uncursed tinning kit (0:59) f - an uncursed sack g - an uncursed magic marker (0:79) Gems q - an uncursed touchstone Spells and supernatural/magical abilities: Name Level Category Fail Memory W - pray for help -- divine ? -- Your skills at the end: Fighting Skills Weapon Skills pick-axe [Basic] whip [Basic] Spellcasting Skills Final Attributes: You were piously aligned. You were invisible. You were stealthy. You were fast. You are dead. Vanquished creatures: an imp a floating eye a kitten a giant bat an orc zombie an iguana a gas spore 2 giant rats a cave spider a brown mold a green mold 2 geckos 2 jackals 3 foxes a kobold 2 goblins 3 sewer rats 4 lichens a kobold zombie 2 newts 32 creatures vanquished. Voluntary challenges: You used a wielded weapon 53 times, starting on turn 32. You read items or engraved 2 times, starting on turn 13. You never genocided any monsters. You never polymorphed an object. You never changed form. You used no wishes. You never split a pudding. You never wrote Elbereth's name. You never violated your personal moral code. Dungeon overview: The Dungeons of Doom: levels 1 to 4 Level 1 an altar to Huhetotl, a fountain a long staircase Level 2 Level 3 some fountains Level 4 <- You were here a long staircase History has recorded: On T:1 you entered the Dungeons of Doom to retrieve the Amulet of Yendor! On T:247 you reached level 2 of The Dungeons of Doom. On T:306 you advanced to experience level 2. On T:444 you advanced to experience level 3. On T:466 you reached level 3 of The Dungeons of Doom. On T:1141 you reached level 4 of The Dungeons of Doom. On T:1613 you advanced to experience level 4. Score breakdown: Gold: 335 ( 8593 points) Experience: 4 levels ( 9649 points) Exploration: 4 levels ( 7.84%) ( 7348 points) Discoveries: 4 items ( 1.34%) ( 3475 points) Valuables value: (no points given unless you survive) Artifact value: 0 ( 0 points) Variety of kills: 20 monsters ( 5.25%) ( 6873 points) Turncount: 1967 turns ( 0 points) Survival: died (score multiplied by 80%) Total score: 28750 Latest messages: Where do you want to travel to? With great effort you move the boulder. (6x) The giant bat bumps right into you! You hit the giant bat. The giant bat bites! You hit the giant bat. The giant bat bites! (2x) You miss the giant bat. With great effort you move the boulder. (8x) You miss the giant bat. The giant bat bites! You miss the giant bat. The giant bat misses. The giant bat bites! You hit the giant bat. The giant bat bites! (2x) You miss the giant bat. The giant bat bites! (2x) You die... The sack is empty. The sack is empty. Final status: Goodbye Crawldragon the Archeologist, killed by a giant bat... You died in The Dungeons of Doom on dungeon level 4 with 28750 points, and 335 pieces of gold, after 1967 moves. You were level 4 with a maximum of 46 hit points when you died.